 Dungeon Crawl Stone Soup version 0.31-a0-596-g831eee08f1 (webtiles) character file.

Game seed: 2478338667558379982

2218 avis the Mimic (level 9, -3/93 (103) HPs)
             Began as a Merfolk Shapeshifter on Aug 20, 2023.
             Was an Initiate of Gozag.
             Slain by a wight
             ... wielding a +3 spear
              (6 damage)
             ... on level 6 of the Dungeon.
             The game lasted 00:36:54 (6546 turns).

avis the Mimic (Merfolk Shapeshifter)               Turns: 6546, Time: 00:36:55

HP:   -3/93 (103)   AC: 24    Str: 15    XL:     9   Next: 35%
MP:   9/9           EV:  2    Int:  8    God:    Gozag
Gold: 642           SH:  0    Dex: 24    Spells: 8/8 levels left

rFire   . .          .
                       - Unarmed
rCold   . . .        (no shield)
rNeg    . . .        g - melded +0 plate armour
rPois   +            (helmet currently unavailable)
rElec   .            (cloak currently unavailable)
rCorr   .            (gloves currently unavailable)
SInv    .            (boots currently unavailable)
Will    .....        E - amulet of magic regeneration
Stlth   +++          A - +6 ring of dexterity
HPRegen 0.35/turn    (no ring)
MPRegen 0.51/turn

%: no passive effects
@: tree-form, gold aura, heavily drained
A: stationary, stasis, torment immunity, boosted hp, (nimble swimmer 2),
(mertail)
a: Renounce Religion, Potion Petition, Call Merchant, Bribe Branch


You were on level 6 of the Dungeon.
You worshipped Gozag.
Gozag was pleased with you.
You were a tree.
You visited 2 branches of the dungeon, and saw 7 of its levels.

You collected 692 gold pieces.
You paid 50 gold pieces to Gozag.

Inventory:

Hand Weapons
 p - a +3 quarterstaff of chaos
 z - a +1 hand axe of freezing
Missiles
 q - 2 poisoned darts
Armour
 g - a +0 plate armour (melded)
 t - a +0 cloak
 y - a +0 helmet
 D - a +0 kite shield
Jewellery
 A - a +6 ring of dexterity (left branch)
 E - an amulet of magic regeneration (around neck)
Talismans
 d - a flux talisman
Wands
 e - a wand of flame (30)
 r - a wand of polymorph (3)
 u - a wand of quicksilver (8)
 F - a wand of paralysis (9)
Scrolls
 a - a scroll of brand weapon {unknown}
 f - 2 scrolls of noise {unknown}
 h - 2 scrolls of revelation {unknown}
 k - 2 scrolls of amnesia {unknown}
 n - 6 scrolls of identify {unknown}
 B - a scroll of teleportation {unknown}
Potions
 c - a potion of berserk rage {unknown}
 i - 2 potions of enlightenment {unknown}
 j - a potion of might {unknown}
 l - 5 potions of curing {unknown}
 m - a potion of heal wounds {unknown}
 o - a potion of ambrosia {unknown}
 s - a potion of invisibility {unknown}
 v - a potion of mutation {unknown}
 w - a potion of cancellation {unknown}
 x - 3 potions of haste {unknown}
 C - a potion of attraction {unknown}


   Skills:
 + Level 5.8 Fighting
 + Level 7.4 Dodging
 - Level 2.0 Stealth
 + Level 6.7 Unarmed Combat
 * Level 9.3 Shapeshifting


You had 8 spell levels left.
You didn't know any spells.
Your spell library contained the following spells:

 Spells                   Type           Power      Damage    Failure   Level
 Summon Small Mammal      Summ           0%         N/A       41%         1
 Lesser Beckoning         Tloc           0%         N/A       54%         2
 Call Canine Familiar     Summ           0%         N/A       78%         3
 Gell's Gravitas          Tloc           0%         N/A       78%         3
 Summon Guardian Golem    Hex/Summ       0%         N/A       78%         3
 Teleport Other           Tloc           0%         N/A       78%         3
 Haunt                    Necr/Summ      0%         N/A       100%        7
 Infestation              Necr           0%         N/A       100%        8
 Animate Dead             Necr           Unusable   N/A       N/A         4

Dungeon Overview and Level Annotations

Branches:
Dungeon (6/15)             Temple (1/1) D:4

Altars:
Ashenzari
Cheibriados
Dithmenos
Elyvilon
Gozag
Hepliaklqana
Kikubaaqudgha
Makhleb
Nemelex Xobeh
Okawaru
Qazlal
Uskayaw
Vehumet
Wu Jian
Xom
Yredelemnul
Zin
The Shining One

Shops:
D:1 [   D:2 *[[!(   D:3 [   D:4 :


Innate Abilities, Weirdness & Mutations

You are a tree.
Your roots penetrate the ground, keeping you stationary.
You cannot be teleported.
You are immune to unholy pain and torment.
Your maximum health is greatly increased.
Your equipment is partially melded.
((You are very nimble when in or above water. (Stealth+, EV+, Speed+++)))
((Your lower body shifts to a powerful aquatic tail in water.))


Message History

The wight hits you with a +0 halberd!
You feel drained.
You hit the wight.
The wight begins to glow.
The wight is lightly damaged.
You hit the wight.
The wight glows dangerously bright.
The wight is heavily damaged.
The wight closely misses you. The wight hits you with a +0 halberd!
You barely miss the wight.
The wight is heavily damaged.
The wight completely misses you. The wight hits you but does no damage.
You hit the wight.
The wight shudders as magic cascades through it.
The wight is almost destroyed.
The wight hits you from afar with a +3 spear.
You feel drained. The wight hits you but does no damage.
You hit the wight.
The wight begins to glow.
The wight is almost destroyed.
The wight hits you from afar with a +3 spear.
You feel drained. The wight closely misses you.
You hit the wight but do no damage.
The wight glows dangerously bright.
The wight is almost destroyed.
The wight hits you but does no damage. The wight hits you with a +0 halberd!
You feel drained.
* * * LOW HITPOINT WARNING * * *
You hit the wight.
You destroy the wight!
The wight barely misses you. The wight hits you with a +3 spear!
* * * LOW HITPOINT WARNING * * *
Things that are here:
7 gold pieces; a +0 halberd; a +0 robe You closely miss the wight.
The wight hits you with a +3 spear.
* * * LOW HITPOINT WARNING * * *
You feel drained.
* * * LOW HITPOINT WARNING * * *
Your transformation has ended.
You turn into a tree.
Your +0 plate armour melds into your body.
Your roots penetrate the ground.
The wight hits you with a +3 spear.
You die...
Your body crumbles into a pile of gold.

######...........#
....####.........#
###..............#
...........#.....#
...........#.....#
........<..#####.#
........#### #.#
.......## ###.##
..##..## #..♣.#
......# ###.##z#
..#...# #...# ...
#....## ###...#
#### ##.).#
#.....# .)>..#
#.#...#
.....#####.....#
###########
..............[#
#.........#
####.......#...#
#.........#


You could see a wight.

Vanquished Creatures
  Grinder (D:3)
  2 water moccasins (D:6)
  A sky beast (D:6)
  An orc warrior (D:5)
  An ogre (D:5)
  A centaur (D:6)
  2 phantoms (D:5)
  5 scorpions
  5 wights (D:6)
  An electric eel (D:6)
  2 hounds (D:5)
  2 jellies
  Crazy Yiuf (D:4)
  3 orc priests
  4 iguanas
  Ijyb (D:3)
  Natasha (thrice) (D:2)
  An orc wizard (D:5)
  8 adders
  4 gnolls (D:3)
  3 worms (D:3)
  2 dart slugs (D:3)
  28 orcs
  10 endoplasms
  4 giant cockroaches
  13 goblins
  8 hobgoblins
  9 jackals
  4 quokkas
  6 ball pythons
  5 bats
  4 frilled lizards
  5 kobolds
  4 rats (D:1)
154 creatures vanquished.

Notes
Turn   | Place    | Note
-------+----------+-------------------------------------------
     0 | D:1      | avis the Merfolk Shapeshifter began the quest for the Orb.
     0 | D:1      | Reached XP level 1. HP: 15/15 MP: 1/1
   158 | D:1      | Reached XP level 2. HP: 21/21 MP: 2/2
   361 | D:1      | Reached XP level 3. HP: 26/26 MP: 3/3
   406 | D:1      | Found Woatwumn's Antique Armour Boutique.
   746 | D:2      | Noticed Natasha
   752 | D:2      | Killed Natasha
   792 | D:2      | Found a shadowy altar of Dithmenos.
   797 | D:2      | Found Imuveas's Antique Weapon Shoppe.
   821 | D:2      | Reached XP level 4. HP: 33/33 MP: 4/4
   832 | D:2      | Found Cuoskid's Distillery.
   947 | D:2      | Noticed Natasha
   953 | D:2      | Killed Natasha
   954 | D:2      | Reached skill level 5 in Shapeshifting
   972 | D:2      | Found Hefral's Armour Shop.
  1006 | D:2      | Found a faded altar of an unknown god.
  1055 | D:2      | Found Omiyxis's Assorted Antiques.
  1202 | D:2      | Noticed Natasha
  1210 | D:2      | Killed Natasha
  1211 | D:2      | Reached XP level 5. HP: 28/39 MP: 5/5
  1267 | D:2      | Found Bioruv's Antique Armour Boutique.
  1700 | D:3      | Noticed Ijyb
  1709 | D:3      | Killed Ijyb
  1764 | D:3      | Noticed Grinder
  1778 | D:3      | Reached XP level 6. HP: 30/46 MP: 6/6
  1788 | D:3      | Paralysed by Grinder for 5 turns
  1800 | D:3      | Killed Grinder
  1801 | D:3      | Reached skill level 6 in Shapeshifting
  1806 | D:3      | Reached XP level 7. HP: 9/52 MP: 7/7
  2446 | D:3      | Found Ginlanol's Armour Emporium.
  2680 | D:4      | Found Cievaes's Book Shop.
  2748 | D:4      | Reached skill level 5 in Dodging
  2876 | D:4      | Found a staircase to the Ecumenical Temple.
  2892 | Temple   | Entered the Ecumenical Temple
  2925 | Temple   | Became a worshipper of Gozag Ym Sagoz the Greedy
  3522 | D:4      | Found a runed translucent door.
  3523 | D:4      | Noticed Crazy Yiuf
  3530 | D:4      | Killed Crazy Yiuf
  3768 | D:4      | Upgraded the game from 0.31-a0-590-g8a5a4361df to
                  | 0.31-a0-596-g831eee08f1
  3821 | D:5      | Entered Level 5 of the Dungeon
  3833 | D:5      | Reached skill level 5 in Unarmed Combat
  4024 | D:5      | Reached skill level 1 in Stealth
  4029 | D:5      | Reached skill level 7 in Shapeshifting
  4222 | D:5      | Reached XP level 8. HP: 53/60 MP: 8/8
  4437 | D:5      | HP: 4/91 [hound (1)]
  4886 | D:5      | Reached skill level 8 in Shapeshifting
  5100 | D:5      | Reached skill level 5 in Fighting
  5668 | D:6      | Reached XP level 9. HP: 40/68 MP: 9/9
  5820 | D:6      | Found a burning altar of Makhleb.
  5846 | D:6      | Reached skill level 9 in Shapeshifting
  6001 | D:6      | Paralysed by a wight for 2 turns
  6006 | D:6      | Paralysed by a wight for 3 turns
  6035 | D:6      | Found a shadowy altar of Dithmenos.
  6247 | D:6      | Found a white marble altar of Elyvilon.
  6545 | D:6      | HP: 2/64 [wight/+3 spear (4)]
  6546 | D:6      | Slain by a wight

Illustrated notes

Levels and vault maps discovered:
D:1:      lemuel_arrival_cross, layout_basic, serial_shops,
          nicolae_shop_just_a_little_nook
D:2:      layout_loops_ring, chequers_ecumenical_altar_twisty, serial_shops,
          shop, shop, nicolae_shop_peninsula, nicolae_shop_overgrown_old_shop,
          shop, basic_altar, uniq_natasha
D:3:      layout_basic, serial_shops, shop, uniq_ijyb, uniq_grinder
D:4:      cheibrodos_quashed, layout_loops_ring,
          minmay_temple_entry_sparse_star, serial_shops, shop, minivault_23,
          uniq_crazy_yiuf_cottage
D:5:      layout_basic
D:6:      layout_rooms, mainiacjoe_overflow_cross_hatched,
          nicolae_ru_the_path_less_chosen, nicolae_overflow_squiral
Temple:   regret_index_temple_generic_petals

Skill      XL: |  1  2  3  4  5  6  7  8  9 |
---------------+----------------------------+-----
Dodging        | 3 4 5 6 7 |  7.4
Fighting       | 2 3 4 5 |  5.8
Shapeshifting  | 5 6 7 8 9 |  9.3
Unarmed Combat | 4 5 6 |  6.7
Stealth        | 1 2 |  2.0

Action                     |  1- 3 |  4- 6 |  7- 9 || total
---------------------------+-------+-------+-------++-------
  Melee: Unarmed           |    75 |   112 |   324 ||   511
         Punch             |     1 |     7 |     1 ||     9
  Evoke: Wand              |       |     1 |       ||     1
    Use: Potion            |       |       |     2 ||     2
   Stab: Distracted        |       |       |     1 ||     1
 Armour: Ring mail         |    14 |       |       ||    14
         Plate armour      |     7 |    52 |   173 ||   232
         Skin              |       |     2 |     7 ||     9
  Dodge: Dodged            |    41 |    20 |   114 ||   175
   Form: Flux              |       |       |     1 ||     1

Table legend: (Time is in decaauts)
 A = Elapsed time spent in this place.
 B = Non-inter-level travel time spent in this place.
 C = Inter-level travel time spent in this place.
 D = Time resting spent in this place.
 E = Time spent auto-exploring this place.
 F = Levels seen in this place.
 G = Mean time per level.
                   A        B        C        D        E       F      G
               +--------+--------+--------+--------+--------+-----+--------+
         Total |   6504 |   5692 |    812 |   1556 |   2730 |   7 |  929.1 |
       Dungeon |   6431 |   5681 |    750 |   1556 |   2730 |   6 | 1071.8 |
        Temple |     72 |     10 |     62 |      0 |      0 |   1 |   72.0 |
               +--------+--------+--------+--------+--------+-----+--------+

Top non-repeatable levels by time:
     D:5: 1354 daAuts
     D:3: 1165 daAuts
     D:6: 1113 daAuts
     D:4: 1044 daAuts
     D:2: 963 daAuts
     D:1: 790 daAuts
  Temple: 72 daAuts
